 Dungeon Crawl Stone Soup version 0.20-a0-809-gaf7f668 (webtiles) character file.

1579 kidcy the Destroyer (level 8, -2/82 HPs)
             Began as a Barachian Ice Elementalist on Mar 3, 2017.
             Was a Priest of Vehumet.
             Slain by an unseen horror (7 damage)
             ... on level 6 of the Dungeon.
             The game lasted 00:25:56 (8789 turns).

kidcy the Destroyer (Barachian Ice Elementalist)    Turns: 8789, Time: 00:25:57

Health: -2/82      AC: 24    Str: 17    XL:     8   Next: 91%
Magic:  15/15      EV:  2    Int: 17    God:    Vehumet [***...]
Gold:   200        SH:  0    Dex: 12    Spells: 0/18 levels left

rFire    . . .     SeeInvis .   e - +2 dagger (venom)
rCold    . . .     Gourm    .   (armour currently unavailable)
rNeg     + + +     Faith    +   (no shield)
rPois    +         Spirit   .   (helmet currently unavailable)
rElec    .         Reflect  .   (cloak currently unavailable)
rCorr    .         Harm     .   (gloves currently unavailable)
MR       .....     NoTele   +   (boots currently unavailable)
Stlth    ++........             t - amulet of faith
Regen    0.3/turn               s - +2 ring of evasion
MPRegen  0.2/turn               x - +6 ring of strength

@: tree-form, can't hop
A: +LOS, swims, (iridescent scales 0), rugged brown scales 1, low mp 1,
(slowness 0), (strong legs 0)
a: Renounce Religion


You were on level 6 of the Dungeon.
You worshipped Vehumet.
Vehumet was most pleased with you.
You were not hungry.
You were a tree.
You visited 1 branch of the dungeon, and saw 6 of its levels.

You collected 200 gold pieces.

Inventory:

Hand Weapons
 e - a +2 dagger of venom (weapon)
Armour
 a - a +0 robe (melded)
 n - a cursed +0 pair of gloves (melded)
 o - a +1 cloak (melded)
 y - a cursed +0 helmet (melded)
 C - a +0 ring mail
Magical Staves
 u - an uncursed staff of fire
Jewellery
 s - a +2 ring of evasion (right branch)
 t - an amulet of faith (around neck)
 x - a +6 ring of strength (left branch)
Scrolls
 k - 2 scrolls of remove curse
 m - a scroll of recharging
 p - a scroll of immolation
 v - 2 scrolls of enchant weapon
 w - a scroll of enchant armour {unknown}
 D - a scroll of blinking {unknown}
Potions
 j - a potion of agility
 l - 2 potions of might
 q - a potion of cancellation
 r - a potion of lignification
 z - 2 potions of flight
Books
 b - a book of Frost

   Spells                             Type                      Level
   a - Freeze                         Ice                          1
   b - Throw Frost                    Conjuration/Ice              2
   c - Ozocubu's Armour               Charms/Ice                   3
   d - Throw Icicle                   Conjuration/Ice              4
   e - Summon Ice Beast               Ice/Summoning                4
Comestibles
 f - 5 fruits
 i - 2 royal jellies


   Skills:
 - Level 1.3 Fighting
 - Level 2.1 Dodging
 - Level 1.7 Stealth
 + Level 5.9 Spellcasting
 * Level 8.1 Conjurations
 + Level 0.8 Summonings
 - Level 7.4 Ice Magic


You couldn't memorise any spells.
You knew the following spells:

 Your Spells              Type           Power        Failure   Level  Hunger
a - Magic Dart            Conj           ####         1%          1    None
b - Throw Frost           Conj/Ice       ####..       1%          2    None
c - Dazzling Spray        Conj/Hex       ###...       2%          3    ##.....
d - Throw Icicle          Conj/Ice       ####....     2%          4    ####...
e - Summon Ice Beast      Ice/Summ       ###.....     24%         4    ####...
f - Freeze                Ice            ####         1%          1    None
g - Ozocubu's Armour      Chrm/Ice       ###.....     10%         3    ##.....


Dungeon Overview and Level Annotations

Branches:
Dungeon (6/15)             Temple (0/1) D:5

Altars:
Dithmenos
Fedhas
Okawaru
Qazlal
Trog
Uskayaw
Vehumet
Yredelemnul

Annotations:
D:3 Grinder
D:4 exclusion: statue


Innate Abilities, Weirdness & Mutations

Shadows flee at your approach. (+LOS)
You can swim through water.
((You cover ground slowly.))
((You can hop short distances.))
((You are partially covered in iridescent scales. (AC +2)))
(You are partially covered in rugged brown scales. (AC +1, +3% HP))
Your magical capacity is low. (-10% MP)


Message History

You barely miss something.
Something hits you but does no damage. x2
The bullfrog hits you but does no damage.
Something hits you but does no damage.
You barely miss something. Something hits you but does no damage.
The bullfrog hits you but does no damage.
Something hits you but does no damage. The bullfrog barely misses you.
You hit something. Something hits you but does no damage.
The bullfrog hits you but does no damage.
You hit something but do no damage. Something hits you but does no damage.
The bullfrog hits you but does no damage.
Something hits you.
* * * LOW HITPOINT WARNING * * *
The bullfrog hits you.
* * * LOW HITPOINT WARNING * * *
You closely miss something. Something hits you but does no damage.
Something hits you!
* * * LOW HITPOINT WARNING * * *
The bullfrog hits you but does no damage.
You hit something. Something hits you!
You die...

≈..≈ #..#
#########.#....#
.........#
...............#
.###..##.#
...............#
##....#
.............####
# #F#
..........†..#...
#.#
###########..#...
#.#####
#.........
#...F{#
#.........
#####♣#
#....>....
...........#
#####'####
####.......# #.#
#.......# #.#
#.......# #.#
#.......# ..#
#.......# ###
#.......#
#.......#


You could see a bullfrog.

Vanquished Creatures
  A hippogriff (D:5)
  Menkaure (D:6)
  Edmund (D:5)
  A sky beast (D:5)
  2 ogres (D:5)
  A centaur (D:4)
  2 bullfrogs
  2 scorpions (D:4)
  3 hounds (D:4)
  A jelly (D:5)
  An orc priest (D:6)
  A bullfrog skeleton (D:4)
  An iguana (D:4)
  2 orc wizards
  4 worker ants
  A killer bee zombie (D:6)
  Robin (D:3)
  4 gnolls (D:5)
  6 adders
  A shadow imp (D:5)
  3 oozes
  An adder skeleton (D:4)
  4 worms
  2 leopard geckos
  15 orcs
  4 giant cockroaches
  13 goblins
  5 hobgoblins
  8 jackals
  2 quokkas
  3 ball pythons
  5 bats
  8 frilled lizards
  A giant cockroach zombie (D:5)
  A jackal skeleton (D:4)
  7 kobolds
  A leopard gecko zombie (D:5)
  A quokka zombie (D:6)
  9 rats
130 creatures vanquished.

Vanquished Creatures (others)
  A worm (D:3)
  4 orcs (D:3)
  A hobgoblin (D:3)
  2 frilled lizards (D:3)
8 creatures vanquished.

Grand Total: 138 creatures vanquished

Notes
Turn   | Place    | Note
-------+----------+-------------------------------------------
     0 | D:1      | kidcy the Barachian Ice Elementalist began the quest for the Orb.
     0 | D:1      | Reached XP level 1. HP: 13/13 MP: 3/3
   482 | D:1      | Reached XP level 2. HP: 15/20 MP: 3/5
   615 | D:1      | Learned a level 2 spell: Throw Frost
   932 | D:1      | Reached skill level 1 in Fighting
  1015 | D:2      | Reached XP level 3. HP: 20/26 MP: 1/6
  1322 | D:2      | Found a bloodstained altar of Trog.
  1670 | D:2      | Reached XP level 4. HP: 31/32 MP: 5/8
  1703 | D:2      | You fall through a shaft for 2 floors!
  1752 | D:4      | Reached skill level 2 in Conjurations
  2003 | D:4      | Noticed Grinder
  2011 | D:4      | Found a radiant altar of Vehumet.
  2012 | D:4      | Noticed a frost-covered statue
  2013 | D:4      | Became a worshipper of Vehumet
  2034 | D:4      | Reached XP level 5. HP: 21/37 MP: 3/9
  2134 | D:4      | Noticed a centaur
  2146 | D:4      | Found an iron altar of Okawaru.
  2231 | D:4      | Learned a level 3 spell: Ozocubu's Armour
  2236 | D:4      | Learned a level 4 spell: Throw Icicle
  2261 | D:4      | Found a stormy altar of Qazlal.
  2264 | D:4      | Noticed a water elemental
  2264 | D:4      | Noticed an air elemental
  2264 | D:4      | Noticed a fire elemental
  2325 | D:4      | Reached skill level 3 in Conjurations
  2325 | D:4      | Reached skill level 5 in Ice Magic
  2355 | D:4      | Killed a centaur
  2355 | D:4      | Reached XP level 6. HP: 16/43 MP: 0/11
  2481 | D:4      | Reached skill level 4 in Conjurations
  2922 | D:3      | Reached * piety under Vehumet
  2922 | D:3      | Offered knowledge of Sandblast by Vehumet.
  2925 | D:3      | Noticed Robin
  2948 | D:3      | Killed Robin
  3197 | D:3      | HP: 2/43 [quokka (5)]
  3233 | D:3      | Found a blossoming altar of Fedhas.
  3952 | D:3      | Found a basalt altar of Yredelemnul.
  4646 | D:4      | Found a hide-covered altar of Uskayaw.
  4657 | D:4      | Paralysed by Grinder for 2 turns
  4661 | D:4      | Paralysed by Grinder for 7 turns
  4937 | D:3      | Paralysed by Grinder for 5 turns
  5622 | D:4      | Reached XP level 7. HP: 30/48 MP: 8/13
  5676 | D:4      | Reached skill level 5 in Conjurations
  5840 | D:4      | Found a blossoming altar of Fedhas.
  6371 | D:5      | Entered Level 5 of the Dungeon
  6397 | D:5      | Noticed Edmund
  6408 | D:5      | Killed Edmund
  6408 | D:5      | Reached ** piety under Vehumet
  6408 | D:5      | Offered knowledge of Magic Dart by Vehumet.
  6414 | D:5      | Learned a level 1 spell: Magic Dart
  6419 | D:5      | Learned a level 4 spell: Summon Ice Beast
  6591 | D:5      | Reached skill level 5 in Spellcasting
  6591 | D:5      | Reached skill level 6 in Conjurations
  6598 | D:5      | Reached XP level 8. HP: 54/54 MP: 3/15
  6832 | D:5      | Noticed a hippogriff
  6852 | D:5      | Killed a hippogriff
  7105 | D:5      | Reached skill level 7 in Conjurations
  7122 | D:5      | Gained mutation: You are partially covered in rugged brown scales. (AC +1, +3% HP) [mutagenic meat]
  7123 | D:5      | Gained mutation: You are partially covered in iridescent scales. (AC +2) [mutagenic meat]
  7124 | D:5      | Gained mutation: Your magical capacity is low. (-10% MP) [mutagenic meat]
  7320 | D:5      | Found a staircase to the Ecumenical Temple.
  7730 | D:5      | Offered knowledge of Dazzling Spray by Vehumet.
  8007 | D:5      | Learned a level 3 spell: Dazzling Spray
  8375 | D:6      | Noticed Menkaure
  8393 | D:6      | Killed Menkaure
  8666 | D:6      | Reached skill level 8 in Conjurations
  8697 | D:6      | Found a shadowy altar of Dithmenos.
  8722 | D:6      | Reached *** piety under Vehumet
  8788 | D:6      | HP: 4/82 [something (7)]
  8789 | D:6      | Slain by an unseen horror

Vault maps used:
D:1:      zaba_arrival_water, minmay_vboxes
D:2:      bloody_trog
D:3:      nicolae_overflow_hidden_temple, nicolae_overflow_crystal_walls,
          lemuel_old_faithful, uniq_robin
D:4:      okawaru_trees_2, vehumet_statue, eat_drink_and_be_merry_uskayaw,
          nicolae_qazlal_style_of_elements, first_bread,
          fedhas_bush_and_centaur_altar, uniq_grinder
D:5:      minmay_temple_entry_statues_pillars, uniq_edmund
D:6:      grunt_dithmenos_smoke, fountainhead, uniq_menkaure

Skill      XL: |  1  2  3  4  5  6  7  8 |
---------------+-------------------------+-----
Ice Magic      | 4 5 6 7 |  7.4
Fighting       | 1 |  1.3
Spellcasting   | 3 4 5 |  5.9
Conjurations   | 2 3 4 6 8 |  8.1
Dodging        | |  2.1
Stealth        | |  1.7
Summonings     | |  0.8

Action                   |  1- 3 |  4- 6 |  7- 9 || total
-------------------------+-------+-------+-------++-------
Melee: Dagger            |    32 |   112 |    59 ||   203
       Unarmed           |     2 |       |       ||     2
 Cast: Freeze            |    52 |    93 |    33 ||   178
       Throw Frost       |       |     4 |    20 ||    24
       Magic Dart        |       |       |    91 ||    91
       Dazzling Spray    |       |       |     3 ||     3
       Throw Icicle      |       |       |     2 ||     2
 Abil: Hop               |     1 |     4 |     2 ||     7
  Use: Scroll            |       |    10 |     5 ||    15
       Potion            |       |     4 |     3 ||     7
 Stab: Sleeping          |       |     2 |       ||     2
  Eat: Bread ration      |     1 |       |     2 ||     3
       Chunk             |       |     9 |     7 ||    16
       Meat ration       |       |     1 |       ||     1
Armor: Robe              |    24 |    48 |    25 ||    97
       Skin              |       |       |    23 ||    23
Dodge: Dodged            |    61 |   188 |    71 ||   320
